 Dungeon Crawl Stone Soup version 0.30.1-9-gdf580d7c3d (webtiles) character file.

Game seed: 17082101935041672929

137 Ortega the Trooper (level 5, -4/33 HPs)
             Began as a Kobold Fighter on Sept 30, 2023.
             Killed by divine providence
             ... invoked by an orc priest
              (9 damage)
             ... on level 3 of the Dungeon.
             The game lasted 00:12:09 (2179 turns).

Ortega the Trooper (Kobold Fighter)                 Turns: 2179, Time: 00:12:09

Health: -4/33      AC:  7    Str: 15    XL:     5   Next: 43%
Magic:  5/5        EV: 12    Int: 10    God:
Gold:   88         SH:  4    Dex: 14    Spells: 4/4 levels left

rFire   . . .        h - +0 hand axe
rCold   . . .        c - +0 buckler
rNeg    . . .        q - +2 ring mail of Pride {-Tele rElec Regen+ Stlth+}
rPois   .            (no helmet)
rElec   +            (no cloak)
rCorr   .            (no gloves)
SInv    .            (no boots)
Will    .....        (no amulet)
Stlth   +++          (no ring)
HPRegen 1.05/turn    (no ring)
MPRegen 0.09/turn

%: no teleportation
@: no status effects
A: small, no large weapons, nightstalker 3
a: no special abilities


You were on level 3 of the Dungeon.
You visited 1 branch of the dungeon, and saw 3 of its levels.

You collected 88 gold pieces.

Inventory:

Hand Weapons
 a - a +0 war axe
 h - a +0 hand axe (weapon)
Missiles
 g - 37 stones (quivered)
 l - 12 poisoned darts
Armour
 b - a +0 scale mail
 c - a +0 buckler (worn)
 f - a +0 chain mail
 k - a +0 leather armour
 q - the +2 ring mail of Pride (worn) {-Tele rElec Regen+ Stlth+}
   (You found it on level 2 of the Dungeon)

   rElec:     It insulates you from electricity.
   -Tele:     It prevents most forms of teleportation.
   Regen:     It increases your rate of health regeneration.
   Stlth:     It makes you more stealthy.
Scrolls
 d - a scroll of enchant weapon {unknown}
 e - 2 scrolls of blinking {unknown}
 i - a scroll of vulnerability {unknown}
 j - 2 scrolls of magic mapping {unknown}
 m - 2 scrolls of identify {unknown}
 n - a scroll of acquirement {unknown}
 p - a scroll of fog {unknown}
Potions
 o - a potion of curing {unknown}


   Skills:
 + Level 4.0 Fighting
 + Level 2.6 Axes
 + Level 3.1 Armour
 + Level 1.2 Dodging
 + Level 1.8 Stealth
 + Level 2.7 Shields


You had 4 spell levels left.
You didn't know any spells.
Your spell library was empty.

Dungeon Overview and Level Annotations

Branches:
Dungeon (3/15)

Altars:


Innate Abilities, Weirdness & Mutations

You are small and have problems with some larger weapons.
You are completely attuned to the shadows.


Message History

You hit the orc priest.
The orc priest is lightly wounded.
The orc priest hits you but does no damage.
You hit the orc priest.
The orc priest is moderately wounded.
The orc priest hits you but does no damage.
You closely miss the orc priest.
The orc priest is moderately wounded.
The orc priest hits you with a +0 trident.
You hit the orc priest.
The orc priest is heavily wounded.
The orc priest hits you with a +0 trident.
You barely miss the orc priest.
The orc priest is heavily wounded.
The orc priest hits you but does no damage.
You block the orc priest's attack.
You hit the orc priest but do no damage.
The orc priest is heavily wounded.
The orc priest calls down the wrath of Beogh upon you.
Beogh smites you!
* * * LOW HITPOINT WARNING * * *
You hit the orc priest but do no damage.
The orc priest is heavily wounded.
The orc priest closely misses you.
You hit the orc priest but do no damage.
The orc priest is heavily wounded.
The orc priest barely misses you.
You closely miss the orc priest.
The orc priest is heavily wounded.
The orc priest barely misses you.
You hit the orc priest.
The orc priest is severely wounded.
The orc priest hits you with a +0 trident.
* * * LOW HITPOINT WARNING * * *
You hit the orc priest.
The orc priest is almost dead.
The orc priest looks encouraged for a moment.
The orc priest mumbles some strange prayers to Beogh against you.
Beogh smites you!
You die...

# #.###########
#).......o.#
...)#.######@#
.)#...# #.# .
##### #.# #.#
#.#
#.##############
#..............#
##############.#
#.#


You could see an orc priest.

Vanquished Creatures
  An orc priest (D:2)
  2 orc wizards
  A worm (D:2)
  2 dart slugs
  2 orcs
  A bat (D:3)
  4 endoplasms
  2 giant cockroaches
  2 goblins
  9 hobgoblins
  2 jackals (D:1)
  7 kobolds
  2 quokkas (D:2)
  6 ball pythons
  A frilled lizard (D:3)
  2 rats
46 creatures vanquished.

Vanquished Creatures (others)
  A ball python (D:1)
1 creature vanquished.

Grand Total: 47 creatures vanquished

Notes
Turn   | Place    | Note
-------+----------+-------------------------------------------
     0 | D:1      | Ortega the Kobold Fighter began the quest for the Orb.
     0 | D:1      | Reached XP level 1. HP: 14/14 MP: 1/1
   336 | D:1      | Reached XP level 2. HP: 18/19 MP: 2/2
   977 | D:1      | Reached XP level 3. HP: 15/24 MP: 3/3
  1201 | D:2      | Identified the +2 ring mail of Pride {-Tele rElec Regen+
                  | Stlth+}
  1391 | D:2      | Reached XP level 4. HP: 29/29 MP: 4/4
  1392 | D:2      | Reached skill level 1 in Dodging
  1579 | D:2      | Reached skill level 4 in Fighting
  1781 | D:2      | Reached skill level 1 in Stealth
  1807 | D:2      | Reached XP level 5. HP: 33/33 MP: 5/5
  2179 | D:3      | Killed from afar by an orc priest

Illustrated notes

Levels and vault maps discovered:
D:1:      dpeg_arrival_rooms_a, layout_basic, chequers_jeans,
          lemuel_flame_loot_1
D:2:      layout_loops_cross, minmay_crystal_room, minmay_hexomino_p4
D:3:      layout_loops_ring, chequers_temple_overflow_statue_of_worship,
          uniq_grinder

Skill      XL: |  1  2  3  4 |
---------------+-------------+-----
Axes           | 2 |  2.6
Armour         | 3 |  3.1
Dodging        | 1 |  1.2
Fighting       | 4 |  4.0
Stealth        | 1 |  1.8
Shields        | |  2.7

Action                     |  1- 3 |  4- 6 || total
---------------------------+-------+-------++-------
  Melee: War axe           |    12 |       ||    12
         Hand axe          |    59 |    85 ||   144
    Use: Potion            |     1 |       ||     1
   Stab: Sleeping          |     2 |    10 ||    12
 Armour: Scale mail        |    18 |       ||    18
         Ring mail         |    16 |    25 ||    41
  Dodge: Dodged            |    46 |    50 ||    96
  Block: Buckler           |    15 |    23 ||    38
